 Dungeon Crawl Stone Soup version 0.22-a0-351-g29664b4 (webtiles) character file.

28 KristoblXynda the Cudgeler (level 3, -1/36 HPs)
             Began as an Ogre Gladiator on Apr 13, 2018.
             Splashed by a jelly's acid (7 damage)
             ... on level 2 of the Dungeon.
             The game lasted 00:02:51 (1321 turns).

KristoblXynda the Cudgeler (Ogre Gladiator)         Turns: 1321, Time: 00:02:52

Health: -1/36      AC: -5    Str: 18    XL:     3   Next: 14%
Magic:  3/3        EV: 10    Int: 10    God:
Gold:   37         SH:  0    Dex: 10    Spells: 2/2 levels left

rFire    . . .     SeeInvis .   a - +0 flail
rCold    . . .     Gourm    .   (no shield)
rNeg     . . .     Faith    .   b - +0 robe
rPois    .         Spirit   .   c - +0 hat
rElec    .         Reflect  .   (no cloak)
rCorr    .         Harm     .   (gloves unavailable)
MR       .....     Rnd*Tele +   (boots unavailable)
Stlth    ++........             (no amulet)
HPRegen  0.12/turn              i - ring of teleportation (curse)
MPRegen  0.08/turn              j - ring of stealth

@: corroded
A: large, unfitting armour, tough skin 1
a: no special abilities


You were on level 2 of the Dungeon.
You were hungry.

You visited 1 branch of the dungeon, and saw 2 of its levels.

You collected 37 gold pieces.

Inventory:

Hand Weapons
 a - a +0 flail (weapon)
Missiles
 d - 5 throwing nets (quivered)
Armour
 b - a +0 robe (worn)
 c - a +0 hat (worn)
Jewellery
 i - a cursed ring of teleportation (left hand)
 j - a ring of stealth (right hand)
Scrolls
 h - a scroll of teleportation {unknown}
 k - a scroll of remove curse
 l - a scroll of magic mapping {unknown}
 m - a scroll of random uselessness {unknown}
Comestibles
 f - 2 rations


   Skills:
 - Level 2.6 Fighting
 * Level 3.4 Maces & Flails
 + Level 2.2 Throwing
 + Level 3.0 Dodging


You had 2 spell levels left.
You didn't know any spells.

Dungeon Overview and Level Annotations

Branches:
Dungeon (2/15)

Altars:

Annotations:
D:2 Sigmund


Innate Abilities, Weirdness & Mutations

You are too large for most types of armour.
You have tough skin. (AC +1)


Message History

The ooze quivers. x2; The jelly quivers.
The jelly hits you.
You are splashed with acid!
The acid burns!
Something hits the fungus.
Things that are here:
a short sword; a kobold corpse
As you read the scroll labeled OCOTZI LUTHRIQ, it crumbles to dust.
It is a scroll of amnesia.
You feel forgetful for a moment. The jelly hits you.
You are splashed with acid!
The acid burns!
* * * LOW HITPOINT WARNING * * *
You see here 3 stones.
Okay, then.
As you read the scroll labeled ECYSSA SIFF, it crumbles to dust.
It is a scroll of identify.
k - a scroll of remove curse You are feeling hungry.
The jelly hits you.
* * * LOW HITPOINT WARNING * * *
The acid corrodes you!
You are splashed with acid!
The acid burns!
You die...

..###.# #.#
##########
...##.# #.#
(...J..P.#
##.##.####.#
.........#
##<........#
.P....÷P.#
......######
..JP...J.#
#######


.J.JJJJP.# ..J..P÷.J# #######'# ##@JJ.J)## #.######## ##..'....# ####....#
#.......# #.....(.# #.......# #.......# ##.....## You could see a jelly and 2
oozes.

Vanquished Creatures
  A leopard gecko (D:2)
  2 goblins (D:2)
  3 hobgoblins (D:1)
  9 kobolds (D:2)
  A quokka (D:2)
  5 bats (D:1)
  2 frilled lizards (D:1)
  3 rats
26 creatures vanquished.

Vanquished Creatures (others)
  A fungus (D:2)
  10 toadstools (D:2)
11 creatures vanquished.

Grand Total: 37 creatures vanquished

Notes
Turn   | Place    | Note
-------+----------+-------------------------------------------
     0 | D:1      | KristoblXynda the Ogre Gladiator began the quest for the Orb.
     0 | D:1      | Reached XP level 1. HP: 22/22 MP: 1/1
   263 | D:1      | Reached XP level 2. HP: 18/29 MP: 2/2
   995 | D:2      | Noticed Sigmund
  1129 | D:2      | Reached XP level 3. HP: 30/36 MP: 3/3
  1321 | D:2      | Splashed by a jelly's acid

Vault maps used:
D:1:      minmay_arrival_widening_spiral_narrow
D:2:      cheibrodos_fertilizer, uniq_sigmund

Skill      XL: |  1  2 |
---------------+-------+-----
Maces & Flails | 3 |  3.4
Dodging        | 3 |  3.0
Fighting       | |  2.6
Throwing       | |  2.2

Action                   || total
-------------------------++-------
Melee: Flail             ||   115
  Use: Potion            ||     1
       Scroll            ||     2
 Stab: Sleeping          ||     3
  Eat: Chunk             ||     1
Armor: Robe              ||    40
Dodge: Dodged            ||    98

Table legend:
 A = Spawn XP
 B = Non-spawn XP
 C = Spawn XP percentage of total XP
 D = Spawn monster count
 E = Non-spawn monster count
 F = Spawn count percentage of total count
 G = Total turns spent on level
                    A         B        C        D         E        F      G
               +---------+---------+-------+---------+---------+-------+---------
         Total |       0 |      41 |   0.0 |       0 |      26 |   0.0 |  1321
               +---------+---------+-------+---------+---------+-------+---------
           D:1 |       0 |      18 |   0.0 |       0 |      12 |   0.0 |   887
           D:2 |       0 |      23 |   0.0 |       0 |      14 |   0.0 |   434
               +---------+---------+-------+---------+---------+-------+---------
